 Dungeon Crawl Stone Soup version 0.24-a0-446-g87df720 (webtiles) character file.

Game seed: 8834775290452656057

58 Bazman the Sneak (level 3, 0/27 HPs)
             Began as a Demonspawn Assassin on June 24, 2019.
             Slain by a gnoll
             ... wielding a +0 flail
              (5 damage)
             ... on level 2 of the Dungeon.
             The game lasted 00:10:18 (1249 turns).

Bazman the Sneak (Demonspawn Assassin)              Turns: 1249, Time: 00:10:18

Health: 0/27       AC:  3    Str: 12    XL:     3   Next: 76%
Magic:  3/3        EV: 12    Int: 12    God:
Gold:   63         SH:  0    Dex: 14    Spells: 2/2 levels left

rFire    . . .     SeeInvis .   a - +2 dagger
rCold    . . .     Gourm    .   (no shield)
rNeg     . . .     Faith    .   b - +0 robe
rPois    .         Spirit   .   (no helmet)
rElec    .         Reflect  .   c - +0 cloak
rCorr    .         Harm     .   (no gloves)
MR       .....                  (no boots)
Stlth    ++++......             (no amulet)
HPRegen  0.09/turn              (no ring)
MPRegen  0.08/turn              (no ring)

@: no status effects
A: nightstalker 1
a: no special abilities


You were on level 2 of the Dungeon.
You were not hungry.

You visited 1 branch of the dungeon, and saw 2 of its levels.

You collected 63 gold pieces.

Inventory:

Hand Weapons
 a - a +2 dagger (weapon)
 g - a +0 short sword
 h - a cursed -3 whip
 k - a +0 whip
 m - a +0 club
 n - a +0 club
 o - a +0 mace
 p - a +0 club
 q - a +0 dagger
Missiles
 d - 20 poisoned darts (quivered)
 e - 2 curare-tipped darts
 i - 53 stones
 l - 19 arrows
Armour
 b - a +0 robe (worn)
 c - a +0 cloak (worn)
 j - a +3 ring mail
 r - a +0 plate armour
Comestibles
 f - a ration


   Skills:
 + Level 2.1 Fighting
 + Level 2.4 Short Blades
 + Level 1.8 Throwing
 + Level 1.1 Dodging
 + Level 4.6 Stealth


You had 2 spell levels left.
You didn't know any spells.
Your spell library was empty.

Dungeon Overview and Level Annotations

Branches:
Dungeon (2/15)

Altars:


Innate Abilities, Weirdness & Mutations

You are slightly more attuned to the shadows.


Message History

The gnoll closely misses you.
You hit the gnoll but do no damage.
The gnoll is lightly wounded.
The gnoll closely misses you.
You hit the gnoll.
The gnoll is moderately wounded.
You hit the gnoll.
The gnoll is heavily wounded.
The gnoll hits you with a +0 flail.
You are too injured to fight recklessly!
You barely miss the gnoll.
The gnoll is heavily wounded.
The gnoll hits you with a +0 flail!
* * * LOW HITPOINT WARNING * * *
You hit the gnoll.
The gnoll is severely wounded.
You barely miss the gnoll.
The gnoll is severely wounded.
The gnoll hits you with a +0 flail.
You die...

##...##......#
####.....#.######
...........#
#####.##### #.#
#.# #.# #.# #@#
#g# #.# #.# #..
..# ...


You could see a gnoll.

Vanquished Creatures
  2 gnolls (D:2)
  4 dart slugs
  A leopard gecko (D:1)
  2 giant cockroaches (D:1)
  6 goblins (D:1)
  A hobgoblin (D:1)
  3 jackals (D:1)
  3 kobolds (D:1)
  4 bats (D:1)
  2 frilled lizards (D:1)
  A rat (D:1)
29 creatures vanquished.

Notes
Turn   | Place    | Note
-------+----------+-------------------------------------------
     0 | D:1      | Bazman the Demonspawn Assassin began the quest for the Orb.
     0 | D:1      | Reached XP level 1. HP: 16/16 MP: 1/1
    52 | D:1      | Reached skill level 4 in Stealth
   101 | D:1      | Gained mutation: You are slightly more attuned to the
                  | shadows. [demonic ancestry]
   101 | D:1      | Reached XP level 2. HP: 22/22 MP: 2/2
   189 | D:1      | Reached skill level 1 in Dodging
   539 | D:1      | Reached XP level 3. HP: 27/27 MP: 3/3
  1249 | D:2      | Slain by a gnoll

Levels and vault maps discovered:
D:1:      eino_arrival_cavern_e, layout_loops_ring
D:2:      minmay_wonky_spiral, layout_loops_corners, nicolae_gozag_seed_capital,
          nicolae_dithmenos_shadow_blocks, kennysheep_ying_yang

Skill      XL: |  1  2 |
---------------+-------+-----
Stealth        | 4 |  4.6
Dodging        | 1 |  1.1
Short Blades   | 2 |  2.4
Fighting       | |  2.1
Throwing       | |  1.8

Action                   || total
-------------------------++-------
Melee: Dagger            ||    84
  Use: Scroll            ||     2
       Potion            ||     3
 Stab: Sleeping          ||    12
       Distracted        ||     1
  Eat: Ration            ||     1
Armor: Robe              ||     5
Dodge: Dodged            ||    32

Table legend:
 A = Non-vault XP
 B = Vault XP
 C = Vault XP percentage of total XP
 D = Non-vault monster count
 E = Vault monster count
 F = Vault count percentage of total count
                 A         B        C        D         E       F
            +---------+---------+-------+---------+---------+-------
      Total |      84 |       0 |   0.0 |      29 |       0 |   0.0
            +---------+---------+-------+---------+---------+-------
        D:1 |      51 |       0 |   0.0 |      26 |       0 |   0.0
        D:2 |      33 |       0 |   0.0 |       3 |       0 |   0.0
            +---------+---------+-------+---------+---------+-------
